 Dungeon Crawl Stone Soup version 0.21.1-1-g345015fe64 (webtiles) character file.

5772 Gargoyl the Agent of Entropy (level 10, 0/83 HPs)
             Began as a Centaur Abyssal Knight on June 23, 2018.
             Was a Priest of Lugonu.
             Killed from afar by an orc wizard (3 damage)
             ... with a puff of frost
             ... on level 8 of the Dungeon.
             The game lasted 00:17:05 (11338 turns).

Gargoyl the Agent of Entropy (CeAK)                Turns: 11338, Time: 00:17:05

Health: 0/83       AC: 13    Str: 17    XL:     10   Next: 49%
Magic:  16/16      EV:  7    Int: 11    God:    Lugonu [***...]
Gold:   353        SH:  3    Dex: 10    Spells: 9/9 levels left

rFire    . . .     SeeInvis .   a - +1 hand axe (venom)
rCold    . . .     Gourm    .   m - +0 buckler
rNeg     + + .     Faith    .   d - +0 pearl dragon scales
rPois    .         Spirit   .   l - +2 hat
rElec    .         Reflect  .   (no cloak)
rCorr    .         Harm     .   (no gloves)
MR       .....                  (no barding)
Stlth    ..........             s - amulet of rage
HPRegen  0.23/turn              n - ring of positive energy
MPRegen  0.15/turn              (no ring)

@: about to teleport, very quick
A: large, hooves 3, deformed body, speed 2, tough skin 3
a: Depart the Abyss, Bend Space, Banish, Renounce Religion, Evoke Berserk Rage


You were on level 8 of the Dungeon.
You worshipped Lugonu.
Lugonu was most pleased with you.
You were not hungry.

You visited 1 branch of the dungeon, and saw 8 of its levels.
You visited the Abyss 1 time.

You collected 479 gold pieces.
You spent 126 gold pieces at shops.

Inventory:

Hand Weapons
 a - a +1 hand axe of venom (weapon)
Missiles
 b - 10 tomahawks (quivered)
Armour
 d - +0 pearl dragon scales (worn)
 l - a +2 hat (worn)
 m - a +0 buckler (worn)
Jewellery
 n - a ring of positive energy (left hand)
 s - an amulet of rage (around neck)
Scrolls
 e - a scroll of identify
 f - 2 scrolls of fog
 g - 2 scrolls of teleportation
 h - 5 scrolls of amnesia
 i - 3 scrolls of blinking
 j - a scroll of fear
 q - a scroll of remove curse
Potions
 k - a potion of cancellation
 o - a potion of haste
Comestibles
 c - 9 rations


   Skills:
 + Level 6.2 Fighting
 + Level 7.6 Axes
 * Level 7.5 Armour
 + Level 2.7 Dodging
 + Level 0.1 Shields
 * Level 8.0 Invocations
 + Level 0.1 Evocations


You had 9 spell levels left.
You didn't know any spells.

Dungeon Overview and Level Annotations

Branches:
Dungeon (8/15)             Temple (0/1) D:5
   Lair: D:8-11

Altars:
Ashenzari
Dithmenos
Fedhas
Gozag
Hepliaklqana
Kikubaaqudgha
Qazlal
Ru
Trog
Uskayaw
Wu Jian
Xom

Shops:
D:8 [

Annotations:
D:8 Maurice


Innate Abilities, Weirdness & Mutations

You have hooves in place of feet.
Armour fits poorly on your strangely shaped body.
You cover ground very quickly.
You have extremely tough skin. (AC +3)


Message History

The iguana is engulfed in calcifying dust.
You turn to flesh and can move again.
The catoblepas gores you!!
* * * LOW HITPOINT WARNING * * *
The centaur is engulfed in calcifying dust.
There is an open door, spattered with blood here.
The orc wizard is engulfed in calcifying dust.
The orc wizard is moving more slowly.
The centaur is engulfed in calcifying dust.
The iguana is engulfed in calcifying dust.
Okay, then.
Press: ? - help, Shift-Dir - straight line, f - orc wizard
Aim: an orc wizard, wielding a dagger and wearing a leather armour (fast, slowly petrifying, chance to defeat MR: 85%)
Okay, then.
As you read the scroll of teleportation, it crumbles to dust.
You feel strangely unstable.
The centaur is engulfed in calcifying dust.
The orc wizard gestures at you while chanting.
The puff of frost hits you!
You die...

#..###..## #...#
##..# ....## ##.#
.#...# .# .....##
#.# .....##'# ##'##
#####.#####........
#.
#.........#.#'#....
#
#.######..#........
#.#.#o.o.....
#.##@#Yo...... #.#
#.olo@..... #.#
#.#ly..#### #.#
#.#cy...... ..#
#.#......## ..
..#......#
###.#......
..#...... .........


You could see Maurice, a centaur (petrified), an iguana (petrified), 2 killer
bees, an orc priest, an orc wizard (petrifying) and a leopard gecko.

Vanquished Creatures
  A centaur warrior (D:8)
  Joseph (D:8)
  The ghost of Tali the Covered, a novice MiFi (D:4)
  A wyvern (D:8)
  A hungry ghost (D:7)
  Menkaure (D:5)
  2 black bears (D:6)
  2 necrophages
  6 ogres
  3 phantoms
  3 centaurs
  A bullfrog (D:8)
  A scorpion (D:5)
  2 killer bees (D:8)
  The ghost of speak the Slasher, a weakling HOGl (D:3)
  4 wights (D:5)
  2 howler monkeys (D:7)
  3 crimson imps
  A bullfrog zombie (D:7)
  5 hounds
  An orc priest (D:4)
  2 jellies
  A centaur skeleton (D:5)
  A gnoll shaman (D:7)
  5 orc wizards
  2 iguanas (D:7)
  3 worker ants
  10 adders
  8 gnolls
  2 oozes
  An adder zombie (D:5)
  An adder skeleton (D:4)
  5 worms
  2 dart slugs
  4 leopard geckos
  29 orcs
  3 bat zombies (D:6)
  6 giant cockroaches
  11 goblins
  3 hobgoblins
  12 jackals
  3 quokkas
  A ball python (D:3)
  11 bats
  5 frilled lizards
  A giant cockroach zombie (D:6)
  4 kobolds
  A leopard gecko skeleton (D:4)
  A leopard gecko zombie (D:5)
  10 rats
  2 rat zombies (D:6)
193 creatures vanquished.

Vanquished Creatures (others)
  A two-headed ogre (D:8)
  The ghost of makkenr95 the Cleaver, a novice HOFi of Yredelemnul (D:7)
  The ghost of kaisn the Skirmisher, a novice GrFi of Makhleb (D:6)
  2 trolls (D:8)
  A black bear (D:8)
  2 orc warriors
  A centaur skeleton (D:8)
9 creatures vanquished.

Grand Total: 202 creatures vanquished

Notes
Turn   | Place    | Note
-------+----------+-------------------------------------------
     0 | Abyss:1  | Gargoyl the Centaur Abyssal Knight began the quest for the Orb.
     0 | Abyss:1  | Reached XP level 1. HP: 19/19 MP: 2/2
    18 | Abyss:1  | Noticed a titan skeleton
    24 | D:1      | Escaped the Abyss
   143 | D:1      | Reached * piety under Lugonu
   218 | D:1      | Reached XP level 2. HP: 25/26 MP: 3/3
   881 | D:2      | Reached XP level 3. HP: 26/31 MP: 4/4
  1264 | D:2      | Found a stormy altar of Qazlal.
  1291 | D:2      | Reached ** piety under Lugonu
  1390 | D:2      | Reached XP level 4. HP: 30/39 MP: 6/6
  1625 | D:2      | Reached skill level 1 in Dodging
  1823 | D:3      | Noticed speak's ghost (weakling HOGl)
  2234 | D:4      | Found a shadowy altar of Dithmenos.
  2248 | D:4      | Reached skill level 3 in Invocations
  2251 | D:4      | Reached XP level 5. HP: 28/46 MP: 7/7
  2384 | D:4      | Noticed an ogre
  2569 | D:3      | Killed speak's ghost
  3000 | D:3      | Reached *** piety under Lugonu
  3192 | D:3      | You fall through a shaft!
  3208 | D:4      | Killed an ogre
  3208 | D:4      | Reached XP level 6. HP: 50/52 MP: 8/8
  3495 | D:4      | Reached skill level 4 in Invocations
  3585 | D:4      | Noticed Tali's ghost (novice MiFi)
  3633 | D:4      | HP: 2/52 [Tali's ghost (8)]
  3635 | D:4      | Killed Tali's ghost
  3635 | D:4      | Reached XP level 7. HP: 2/59 MP: 10/10
  4126 | D:3      | Found an opulent altar of Gozag.
  5065 | D:4      | Reached XP level 8. HP: 50/67 MP: 11/11
  5180 | D:5      | Entered Level 5 of the Dungeon
  5249 | D:5      | Reached skill level 5 in Invocations
  5498 | D:5      | Reached skill level 5 in Axes
  5618 | D:5      | Noticed a hand axe
  5618 | D:5      | Noticed a hand axe
  5625 | D:5      | Found a hide-covered altar of Uskayaw.
  5879 | D:5      | Found a staircase to the Ecumenical Temple.
  6008 | D:5      | Noticed Menkaure
  6017 | D:5      | Killed Menkaure
  6304 | D:5      | Reached skill level 5 in Armour
  6525 | D:5      | Reached **** piety under Lugonu
  6699 | D:6      | Reached skill level 5 in Fighting
  6851 | D:6      | Noticed kaisn's ghost (novice GrFi)
  7236 | D:6      | Banished kaisn's ghost
  7236 | D:6      | Reached skill level 6 in Invocations
  7236 | D:6      | Reached XP level 9. HP: 58/74 MP: 13/13
  7574 | D:6      | Found a shattered altar of Ashenzari.
  7581 | D:6      | Found an ornate altar of the Wu Jian Council.
  7720 | D:6      | Found an ancient bone altar of Kikubaaqudgha.
  7747 | D:6      | Found a bloodstained altar of Trog.
  8019 | D:7      | Found a hazy altar of Hepliaklqana.
  8637 | D:7      | Noticed makkenr95's ghost (novice HOFi)
  8671 | D:7      | Banished makkenr95's ghost
  8879 | D:7      | Found a sacrificial altar of Ru.
  9183 | D:7      | Reached skill level 7 in Invocations
  9213 | D:7      | Found a shimmering altar of Xom.
  9214 | D:7      | Found a shimmering altar of Xom.
  9610 | D:8      | Noticed Joseph
  9640 | D:8      | HP: 5/112 [Joseph/uncursed quarterstaff (8)]
  9641 | D:8      | Killed Joseph
  9979 | D:8      | Found a blossoming altar of Fedhas.
  9998 | D:8      | Found Qynt's Antique Armour Emporium.
 10009 | D:8      | Bought a buckler for 126 gold pieces
 10054 | D:8      | Noticed a two-headed ogre
 10096 | D:8      | Banished a two-headed ogre
 10096 | D:8      | Reached XP level 10. HP: 43/83 MP: 15/15
 10648 | D:8      | Noticed a centaur warrior
 10661 | D:8      | HP: 4/83 [centaur warrior (9)]
 10666 | D:8      | HP: 1/124 [centaur warrior (5)]
 10671 | D:8      | Killed a centaur warrior
 11135 | D:8      | Reached skill level 8 in Invocations
 11326 | D:8      | Noticed a catoblepas
 11333 | D:8      | Noticed Maurice
 11336 | D:8      | HP: 2/83 [catoblepas (24)]
 11338 | D:8      | Killed from afar by an orc wizard

Skill      XL: |  1  2  3  4  5  6  7  8  9 10 |
---------------+-------------------------------+-----
Axes           | 2 3 4 6 7 |  7.6
Armour         | 2 3 4 5 6 7 |  7.5
Dodging        | 1 2 |  2.7
Invocations    | 3 4 6 7 8 |  8.0
Fighting       | 4 5 6 |  6.2
Shields        | |  0.1
Evocations     | |  0.1

Action                   |  1- 3 |  4- 6 |  7- 9 | 10-12 || total
-------------------------+-------+-------+-------+-------++-------
Melee: Hand axe          |   105 |   233 |   480 |    83 ||   901
       Kick              |    21 |    44 |   129 |    22 ||   216
Throw: Tomahawk          |       |       |     1 |       ||     1
Invok: Depart the Abyss  |     1 |       |       |       ||     1
       Banish            |       |       |     5 |     4 ||     9
Evoke: Wand              |       |     6 |     6 |       ||    12
  Use: Scroll            |     3 |     5 |     4 |     3 ||    15
       Potion            |       |     8 |     2 |     5 ||    15
 Stab: Paralysed         |       |    37 |       |       ||    37
  Eat: Chunk             |       |     7 |    10 |     1 ||    18
       Ration            |       |       |     6 |     1 ||     7
Armor: Pearl dragon scal |    94 |   153 |   282 |    54 ||   583
       Skin              |       |    10 |       |     5 ||    15
Dodge: Dodged            |    59 |    91 |   162 |    28 ||   340
Block: Buckler           |       |       |     1 |    10 ||    11
